 Dungeon Crawl Stone Soup version 0.31.0-11-ge490571c62 (webtiles) character file.

Game seed: 14430647254368821304

15 Gadfly the Trooper (level 2, 0/24 HPs)
             Began as a Demonspawn Monk on Feb 2, 2024.
             Slain by a gnoll
             ... wielding a +0 spear
              (8 damage)
             ... on level 1 of the Dungeon.
             The game lasted 00:00:33 (353 turns).

Gadfly the Trooper (Demonspawn Monk)                 Turns: 353, Time: 00:00:34

Health: 0/24       AC:  2    Str: 11    XL:     2   Next: 34%
Magic:  2/2        EV: 13    Int: 10    God:
Gold:   46         SH:  4    Dex: 15    Spells: 1/1 levels left

rFire   . . .        e - +0 dagger (freeze)
rCold   . . .        c - orb {light}
rNeg    . . .        a - +0 robe
rPois   .            (no helmet)
rElec   .            (no cloak)
rCorr   .            (no gloves)
SInv    .            (no boots)
Will    .....        (no amulet)
Stlth   +            (no ring)
HPRegen 0.24/turn    (no ring)
MPRegen 0.08/turn

%: no passive effects
@: glowing
A: condensation shield
a: no special abilities


You were on level 1 of the Dungeon.
You visited 1 branch of the dungeon, and saw 1 of its levels.

You collected 46 gold pieces.

Inventory:

Hand Weapons
 e - a +0 dagger of freezing (weapon)
Armour
 a - a +0 robe (worn)
 c - an orb of light (worn)
Potions
 b - a potion of ambrosia
 d - a potion of lignification {unknown}


   Skills:
 - Level 3.0 Fighting
 + Level 2.8 Dodging
 * Level 2.9 Unarmed Combat
 * Level 0.8 Evocations
 * Level 0.6 Shapeshifting


You had one spell level left.
You didn't know any spells.
Your spell library was empty.

Dungeon Overview and Level Annotations

Branches:
Dungeon (1/15)

Altars:


Innate Abilities, Weirdness & Mutations

A meltable shield of frost defends you. (SH +4)


Message History

There are monsters nearby!
You hit the rat.
You kill the rat!
The gnoll hits you with a +0 spear.
You see here a rat corpse.
You hit the gnoll but do no damage. The gnoll misses you.
You hit the gnoll but do no damage. The gnoll completely misses you.
You completely miss the gnoll. The gnoll hits you with a +0 spear!
You are too injured to fight recklessly!
You are too injured to fight recklessly!
You are too injured to fight recklessly!
You are too injured to fight recklessly!
You are too injured to fight recklessly!
You are too injured to fight recklessly!
You are too injured to fight recklessly!
You are too injured to fight recklessly!
You are too injured to fight recklessly!
You are too injured to fight recklessly!
You are too injured to fight recklessly!
You are too injured to fight recklessly!
You are too injured to fight recklessly!
You are too injured to fight recklessly!
You are too injured to fight recklessly!
You are too injured to fight recklessly!
You are too injured to fight recklessly!
You are too injured to fight recklessly!
You hit the gnoll but do no damage. The gnoll misses you.
You hit the gnoll.
The gnoll is moderately wounded.
The gnoll misses you.
Your +0 dagger of freezing glows with a cold blue light!
e - a +0 dagger of freezing (weapon)
The gnoll barely misses you.
You hit the gnoll. You freeze the gnoll.
The gnoll is heavily wounded.
The gnoll hits you with a +0 spear.
You hit the gnoll. You freeze the gnoll.
The gnoll is severely wounded.
The gnoll hits you with a +0 spear!
You die...

#.....#≈#.....#.#
#.###.#≈#.###†#.#
#...#.#≈#.#...#.##
##..###≈###..#...#
#.............#.#
#.......^#####..#
#.######.......##
#.######.#
#########
#.....g@.#
##########


You could see a gnoll.

Vanquished Creatures
  A dart slug (D:1)
  An endoplasm (D:1)
  A giant cockroach (D:1)
  2 hobgoblins (D:1)
  A quokka (D:1)
  2 ball pythons (D:1)
  A kobold (D:1)
  4 rats (D:1)
13 creatures vanquished.

Notes
Turn   | Place    | Note
-------+----------+-------------------------------------------
     0 | D:1      | Gadfly the Demonspawn Monk began the quest for the Orb.
     0 | D:1      | Reached XP level 1. HP: 18/18 MP: 1/1
   191 | D:1      | Gained mutation: A meltable shield of frost defends you.
                  | (SH +4) [demonic ancestry]
   191 | D:1      | Reached XP level 2. HP: 22/24 MP: 2/2
   353 | D:1      | Slain by a gnoll

Illustrated notes

Levels and vault maps discovered:
D:1:      dpeg_arrival_prison, layout_loops_ring, grunt_decor_cap,
          grunt_decor_one_mirror

Action                     || total
---------------------------++-------
  Melee: Unarmed           ||    42
         Dagger            ||     2
 Armour: Robe              ||    25
  Dodge: Dodged            ||    23
